 Dungeon Crawl Stone Soup version 0.29-a0-393-g47a863cc1b (webtiles) character file.

Game seed: 12625020265896478079

225 ytrimaz the Chopper (level 5, -2/40 HPs)
             Began as a Demonspawn Gladiator on May 9, 2022.
             Killed by divine providence
             ... invoked by an orc priest
              (11 damage)
             ... on level 3 of the Dungeon.
             The game lasted 00:02:16 (3068 turns).

ytrimaz the Chopper (Demonspawn Gladiator)          Turns: 3068, Time: 00:02:17

Health: -2/40      AC:  9    Str: 16    XL:     5   Next: 68%
Magic:  5/5        EV: 12    Int: 10    God:
Gold:   134        SH:  0    Dex: 14    Spells: 4/4 levels left

rFire   . . .      SeeInvis .   a - +0 war axe
rCold   . . .      Faith    .   (no shield)
rNeg    . . .      Spirit   .   b - +0 leather armour
rPois   .          Reflect  .   c - +0 helmet
rElec   .          Harm     .   h - +0 cloak
rCorr   .          Rampage  .   (no gloves)
Will    .....                   (no boots)
Stlth   +.........              (no amulet)
HPRegen 0.13/turn               f - +4 ring of protection
MPRegen 0.09/turn               (no ring)

@: confused, mighty
A: demonic guardian 1, powered by pain 1, demonic touch 1
a: no special abilities


You were on level 3 of the Dungeon.
You visited 1 branch of the dungeon, and saw 3 of its levels.

You collected 134 gold pieces.

Inventory:

Hand Weapons
 a - a +0 war axe (weapon)
Missiles
 d - 3 throwing nets (quivered)
 e - a javelin
 o - 6 silver javelins
Armour
 b - a +0 leather armour (worn)
 c - a +0 helmet (worn)
 h - a +0 cloak (worn)
Jewellery
 f - a +4 ring of protection (left hand)
 u - a ring of fire
Wands
 n - a wand of flame (16)
Scrolls
 i - a scroll of fear
 j - a scroll of noise
 k - a scroll of vulnerability
 l - 3 scrolls of poison {unknown}
 q - a scroll of enchant armour {unknown}
 r - 2 scrolls of teleportation {unknown}
 s - a scroll of enchant weapon {unknown}
Potions
 g - a potion of curing
 m - a potion of haste {unknown}
 p - a potion of ambrosia {unknown}
 t - a potion of flight {unknown}


   Skills:
 + Level 2.8 Fighting
 + Level 4.6 Axes
 - Level 1.7 Throwing
 * Level 2.7 Armour
 - Level 2.6 Dodging


You had 4 spell levels left.
You didn't know any spells.
Your spell library contained the following spells:

 Spells                   Type           Power      Damage    Failure   Level
 Call Canine Familiar     Summ           0%         N/A       80%         3
 Portal Projectile        Hex/Tloc       0%         N/A       80%         3
 Leda's Liquefaction      Hex/Erth       0%         N/A       99%         4


Dungeon Overview and Level Annotations

Branches:
Dungeon (3/15)

Altars:

Annotations:
D:3 1 runed translucent door, Crazy Yiuf


Innate Abilities, Weirdness & Mutations

A weak demonic guardian rushes to your aid.
You sometimes gain a little power by taking damage.
Your touch may inflict minor irresistible damage on your foes.


Message History

The orc priest hits you with a +0 hand axe.
The orc closely misses you.
You hit the orc wizard but do no damage.
Your touch misses the orc wizard. You hit the orc priest.
You barely miss the orc. The orc wizard closely misses you.
The orc priest misses you. The orc barely misses you.
The adder bites you but does no damage.
Unknown command.
You barely miss the orc wizard. Your touch misses the orc wizard.
You closely miss the orc priest. You hit the adder. You closely miss the orc.
The orc priest hits you but does no damage.
The orc wizard points at you and mumbles some strange words.
You are confused.
The orc hits you with a +0 falchion! The adder barely misses you.
A water moccasin comes into view.
You barely miss the orc wizard. You miss the orc.
The water moccasin hisses angrily.
You hit the adder. You barely miss the orc priest.
The orc wizard closely misses you. The orc priest closely misses you.
The orc hits you with a +0 falchion. The adder closely misses you.
The orc wizard casts a spell at you.
You are more confused.
The adder bites you but does no damage.
The orc priest calls down the wrath of Beogh upon you.
Pain shoots through your body!
A demonic guardian appears!
You focus on the pain.
You feel very mighty all of a sudden. The orc hits you with a +0 falchion.
* * * LOW HITPOINT WARNING * * *
You closely miss the orc.
You touch the orc.
The orc is heavily wounded.
You closely miss the orc wizard. You miss the orc priest. You hit the adder.
You kill the adder!
The orc wizard hits you with a +0 dagger.
* * * LOW HITPOINT WARNING * * *
The orc hits you with a +0 falchion.
* * * LOW HITPOINT WARNING * * *
The orc priest invokes the aid of Beogh against you.
Beogh smites you!
You die...

##
#.......#
.
#..#'####
#.#..#.#
#.#..#.#
#......#
#.#..###
#.#5.# #
#..# #@o#
.## #oo#
(..# ..o#
≈..#
.##.. #..
.. ...
#.. ..
..#. #.
+.. .≈##.
##≈ #.
.≈# ..
#≈≈ #≈≈


You could see an orc priest, an orc wizard, 2 orcs and a friendly shadow imp
(summoned).

Vanquished Creatures
  A black bear (D:3)
  An orc priest (D:3)
  4 adders
  2 dart slugs
  4 orcs (D:3)
  6 ball pythons
  8 bats
  9 endoplasms
  3 giant cockroaches (D:1)
  4 goblins
  3 hobgoblins
  3 jackals (D:1)
  A quokka (D:1)
  2 frilled lizards
  7 kobolds
  9 rats
67 creatures vanquished.

Vanquished Creatures (collateral kills)
  An endoplasm (D:2)
  A kobold (D:3)
2 creatures vanquished.

Vanquished Creatures (others)
  4 plants (D:3)
4 creatures vanquished.

Grand Total: 73 creatures vanquished

Notes
Turn   | Place    | Note
-------+----------+-------------------------------------------
     0 | D:1      | ytrimaz the Demonspawn Gladiator began the quest for the
                  | Orb.
     0 | D:1      | Reached XP level 1. HP: 16/16 MP: 1/1
   109 | D:1      | Reached skill level 3 in Axes
   109 | D:1      | Gained mutation: You sometimes gain a little power by
                  | taking damage. [demonic ancestry]
   109 | D:1      | Reached XP level 2. HP: 13/22 MP: 2/2
   602 | D:1      | Reached skill level 1 in Armour
   839 | D:1      | Reached XP level 3. HP: 28/28 MP: 3/3
   974 | D:1      | Found a faded altar of an unknown god.
  1856 | D:2      | Gained mutation: A weak demonic guardian rushes to your
                  | aid. [demonic ancestry]
  1856 | D:2      | Reached XP level 4. HP: 32/34 MP: 4/4
  2545 | D:3      | Found a runed translucent door.
  2546 | D:3      | Noticed Crazy Yiuf
  2751 | D:3      | Noticed a black bear
  2760 | D:3      | Killed a black bear
  2761 | D:3      | Reached skill level 4 in Axes
  2761 | D:3      | Gained mutation: Your touch may inflict minor irresistible
                  | damage on your foes. [demonic ancestry]
  2761 | D:3      | Reached XP level 5. HP: 19/39 MP: 5/5
  3066 | D:3      | Noticed a water moccasin
  3068 | D:3      | Killed from afar by an orc priest

Illustrated notes

Levels and vault maps discovered:
D:1:      dpeg_arrival_court, layout_basic,
          hellmonk_ecumenical_altar_inner_sanctum, minmay_hexomino_f4
D:2:      minmay_angry_zag, layout_loops_cross, serial_forest,
          infiniplex_forest_clump_tiny, infiniplex_forest_end_3,
          infiniplex_forest_zigzag_1, infiniplex_forest_straight_4,
          infiniplex_forest_straight_2, infiniplex_forest_lined_2,
          infiniplex_forest_straight_2, infiniplex_forest_clump_medium,
          chequers_hall_statues_wall_a
D:3:      cheibrodos_old_hovel, layout_basic, hex_intersection,
          grunt_decor_junction, uniq_crazy_yiuf_cottage

Skill      XL: |  1  2  3  4 |
---------------+-------------+-----
Axes           | 3 4 |  4.6
Armour         | 1 2 |  2.7
Fighting       | |  2.8
Throwing       | |  1.7
Dodging        | |  2.6

Action                   |  1- 3 |  4- 6 || total
-------------------------+-------+-------++-------
Melee: War axe           |   121 |    69 ||   190
       Touch             |       |     2 ||     2
  Use: Scroll            |     4 |       ||     4
       Potion            |       |     2 ||     2
 Stab: Sleeping          |     2 |       ||     2
Armor: Leather armour    |    67 |    39 ||   106
Dodge: Dodged            |   147 |    70 ||   217

Table legend: (Time is in decaauts)
 A = Elapsed time spent in this place.
 B = Non-inter-level travel time spent in this place.
 C = Inter-level travel time spent in this place.
 D = Time resting spent in this place.
 E = Time spent auto-exploring this place.
 F = Levels seen in this place.
 G = Mean time per level.
                   A        B        C        D        E       F      G
               +--------+--------+--------+--------+--------+-----+--------+
         Total |   3128 |   3084 |     44 |    149 |   2401 |   3 | 1042.7 |
       Dungeon |   3128 |   3084 |     44 |    149 |   2401 |   3 | 1042.7 |
               +--------+--------+--------+--------+--------+-----+--------+

Top non-repeatable levels by time:
     D:2: 1258 daAuts
     D:1: 1242 daAuts
     D:3: 628 daAuts
